TOP OF THE 1ST |
Los Angeles Dodgers batting - Pitching for San Francisco Giants : RHP Keith Kidd
|
Pitching: RHP Keith Kidd
|
|
Batting: RHB Clay Buchanan
|
0-0: Fly out, F8 (Flyball, 8LXD, EV 101.2 MPH)
|
Batting: SHB Joel Baker
|
0-0: Foul Ball, location: 2F 0-1: Ball 1-1: Foul Ball, location: 2F 1-2: Strikes out looking
|
Batting: LHB Lirak Bazhunaishvili
|
0-0: Ball 1-0: Ball 2-0: Ball 3-0: Base on Balls
|
Batting: LHB Chris Buchan
|
0-0: Ball 1-0: Called Strike 1-1: Ball 2-1: Foul Ball, location: 2F 2-2: SINGLE (Line Drive, 4D, EV 108.8 MPH) Lirak Bazhunaishvili to second
|
Batting: SHB Shane Marcum
|
0-0: Called Strike 0-1: Ball 1-1: SINGLE (Groundball, 6MD, EV 105.0 MPH) Lirak Bazhunaishvili to third Chris Buchan to second Runner from 3rd tries for Home, SAFE, throw by CF to home
|
Batting: RHB Tim Nettles
|
0-0: Ball 1-0: Called Strike 1-1: Fly out, F8 (Flyball, 78D, EV 93.8 MPH)
|
Top of the 1st over - 1 run, 2 hits, 0 errors, 2 left on base; Los Angeles 1 - San Francisco 0 |
BOTTOM OF THE 1ST |
San Francisco Giants batting - Pitching for Los Angeles Dodgers : RHP Jon Harris
|
Pitching: RHP Jon Harris
|
|
Batting: RHB Philip Jansen
|
0-0: Called Strike 0-1: Ball 1-1: Called Strike 1-2: Strikes out swinging
|
Batting: LHB Carey Horncole
|
0-0: Called Strike 0-1: Called Strike 0-2: Ball 1-2: Foul Ball, location: 2F 1-2: Foul Ball, location: 2F 1-2: Strikes out swinging
|
Batting: RHB Sean Zielinski
|
0-0: Called Strike 0-1: Swinging Strike 0-2: Ball 1-2: Ball 2-2: Ball 3-2: Ground out 4-3 (Groundball, 4, EV 85.0 MPH)
|
Bottom of the 1st over - 0 runs, 0 hits, 0 errors, 0 left on base; Los Angeles 1 - San Francisco 0 |
TOP OF THE 2ND |
Los Angeles Dodgers batting - Pitching for San Francisco Giants : RHP Keith Kidd
|
Batting: RHB Tsutomu Irie
|
0-0: Fly out, F7 (Line Drive, 7, EV 96.2 MPH)
|
Batting: RHB John Piccolo
|
0-0: Ball 1-0: Ball 2-0: Ground out 1-3 (Groundball, 13, EV 66.2 MPH)
|
Batting: SHB Benjamin Brown
|
0-0: Ball 1-0: Foul Ball, location: 2F 1-1: Ball 2-1: Ball 3-1: Fly out, F7 (Flyball, 78D, EV 86.9 MPH)
|
Top of the 2nd over - 0 runs, 0 hits, 0 errors, 0 left on base; Los Angeles 1 - San Francisco 0 |
BOTTOM OF THE 2ND |
San Francisco Giants batting - Pitching for Los Angeles Dodgers : RHP Jon Harris
|
Batting: LHB Jack Henningar
|
0-0: Called Strike 0-1: Swinging Strike 0-2: Ball 1-2: Foul Ball, location: 2F 1-2: SOLO HOME RUN (Flyball, 9D, EV 98.8 MPH), Distance : 394 ft
|
Batting: SHB Bill Dooms
|
0-0: Ball 1-0: Ground out 4-3 (Groundball, 4, EV 78.1 MPH)
|
Batting: LHB Tom Best
|
0-0: Called Strike 0-1: Called Strike 0-2: Ball 1-2: Ball 2-2: SINGLE (Groundball, 6S, EV 70.0 MPH) (infield hit)
|
Batting: SHB Ryan Doss
|
0-0: Called Strike Tom Best is caught stealing 2nd base 2-6 0-1: Called Strike 0-2: Ball 1-2: Strikes out swinging
|
Bottom of the 2nd over - 1 run, 2 hits, 0 errors, 0 left on base; Los Angeles 1 - San Francisco 1 |
TOP OF THE 3RD |
Los Angeles Dodgers batting - Pitching for San Francisco Giants : RHP Keith Kidd
|
Batting: RHB Clay Buchanan
|
0-0: Called Strike 0-1: Called Strike 0-2: Ball 1-2: Ball 2-2: Foul Ball, location: 2F 2-2: Strikes out swinging
|
Batting: SHB Joel Baker
|
0-0: Ball 1-0: SOLO HOME RUN (Flyball, 7LD, EV 95.0 MPH), Distance : 361 ft
|
Batting: LHB Lirak Bazhunaishvili
|
0-0: Called Strike 0-1: Foul Ball, location: 2F 0-2: Foul Ball, location: 2F 0-2: Ball 1-2: Ball 2-2: Ball 3-2: Foul Ball, location: 2F 3-2: Foul Ball, location: 2F 3-2: Foul Ball, location: 2F 3-2: Base on Balls
|
Batting: LHB Chris Buchan
|
0-0: Called Strike 0-1: Foul Ball, location: 2F 0-2: Ball 1-2: Ball 2-2: Strikes out swinging
|
Batting: SHB Shane Marcum
|
0-0: Ball 1-0: Ball 2-0: Ball 3-0: Ground out U3 (Groundball, 23, EV 85.6 MPH)
|
Top of the 3rd over - 1 run, 1 hit, 0 errors, 1 left on base; Los Angeles 2 - San Francisco 1 |
BOTTOM OF THE 3RD |
San Francisco Giants batting - Pitching for Los Angeles Dodgers : RHP Jon Harris
|
Batting: RHB Nate Hodson
|
0-0: Ball 1-0: Ground out 6-3 (Groundball, 56, EV 89.4 MPH)
|
Batting: RHB Bill Defazio
|
0-0: Foul Ball, location: 2F 0-1: Foul Ball, location: 2F 0-2: Ball 1-2: Ball 2-2: SINGLE (Line Drive, 56, EV 96.9 MPH)
|
Batting: RHB Philip Jansen
|
0-0: Called Strike 0-1: Called Strike 0-2: Ball 1-2: SINGLE (Groundball, 6, EV 98.8 MPH) Bill Defazio to second
|
Batting: LHB Carey Horncole
|
0-0: Ball 1-0: Ball 2-0: Called Strike 2-1: Ball 3-1: Foul Ball, location: 2F 3-2: Strikes out looking
|
Batting: RHB Sean Zielinski
|
0-0: Foul Ball, location: 2F 0-1: Ball 1-1: Called Strike 1-2: Foul Ball, location: 2F 1-2: Reached on error, E5 (Groundball, 56, EV 99.4 MPH) Bill Defazio to third Philip Jansen to second
|
Batting: LHB Jack Henningar
|
0-0: Ball 1-0: Ball 2-0: Foul Ball, location: 2F 2-1: Ball 3-1: Swinging Strike 3-2: Foul Ball, location: 2F 3-2: Base on Balls Bill Defazio scores Philip Jansen to third Sean Zielinski to second
|
Batting: SHB Bill Dooms
|
0-0: Ground out 4-3 (Groundball, 4S, EV 80.6 MPH)
|
Bottom of the 3rd over - 1 run, 2 hits, 1 error, 3 left on base; Los Angeles 2 - San Francisco 2 |
TOP OF THE 4TH |
Los Angeles Dodgers batting - Pitching for San Francisco Giants : RHP Keith Kidd
|
Batting: RHB Tim Nettles
|
0-0: Foul Ball, location: 2F 0-1: Ball 1-1: Foul Ball, location: 2F 1-2: Ball 2-2: Ground out 5-3 (Groundball, 56, EV 104.4 MPH)
|
Batting: RHB Tsutomu Irie
|
0-0: Swinging Strike 0-1: Foul Ball, location: 2F 0-2: Ball 1-2: Foul Ball, location: 2F 1-2: Foul Ball, location: 2F 1-2: Fly out, F9 (Flyball, 9, EV 94.4 MPH)
|
Batting: RHB John Piccolo
|
0-0: Foul Ball, location: 2F 0-1: SINGLE (Groundball, 4MD, EV 95.6 MPH)
|
Batting: SHB Benjamin Brown
|
0-0: Ball 1-0: Ball 2-0: Foul Ball, location: 2F 2-1: Called Strike 2-2: Ball 3-2: Strikes out swinging
|
Top of the 4th over - 0 runs, 1 hit, 0 errors, 1 left on base; Los Angeles 2 - San Francisco 2 |
BOTTOM OF THE 4TH |
San Francisco Giants batting - Pitching for Los Angeles Dodgers : RHP Jon Harris
|
Batting: LHB Tom Best
|
0-0: Foul Ball, location: 2F 0-1: Ground out 4-3 (Groundball, 4, EV 98.1 MPH)
|
Batting: SHB Ryan Doss
|
0-0: Called Strike 0-1: Ball 1-1: SINGLE (Line Drive, 8LS, EV 97.5 MPH)
|
Batting: RHB Nate Hodson
|
0-0: Ball 1-0: Foul Ball, location: 2F 1-1: Fielders Choice at 2nd, 5-4 (Groundball, 56D, EV 76.9 MPH)
|
Batting: RHB Bill Defazio
|
0-0: Called Strike 0-1: Foul Ball, location: 2F 0-2: Ball 1-2: Ball 2-2: Ball 3-2: Foul Ball, location: 2F 3-2: Strikes out swinging
|
Bottom of the 4th over - 0 runs, 1 hit, 0 errors, 1 left on base; Los Angeles 2 - San Francisco 2 |
TOP OF THE 5TH |
Los Angeles Dodgers batting - Pitching for San Francisco Giants : RHP Keith Kidd
|
Batting: RHB Clay Buchanan
|
0-0: Ball 1-0: Ground out 4-3 (Groundball, 34, EV 98.1 MPH)
|
Batting: SHB Joel Baker
|
0-0: Swinging Strike 0-1: Ball 1-1: Ball 2-1: Swinging Strike 2-2: Ball 3-2: Strikes out looking
|
Batting: LHB Lirak Bazhunaishvili
|
0-0: Ball 1-0: Ball 2-0: Fly out, F8 (Flyball, 8RXD, EV 93.1 MPH)
|
Top of the 5th over - 0 runs, 0 hits, 0 errors, 0 left on base; Los Angeles 2 - San Francisco 2 |
BOTTOM OF THE 5TH |
San Francisco Giants batting - Pitching for Los Angeles Dodgers : RHP Jon Harris
|
Batting: RHB Philip Jansen
|
0-0: Ball 1-0: SINGLE (Line Drive, 5D, EV 96.2 MPH)
|
Batting: LHB Carey Horncole
|
0-0: Called Strike 0-1: Ball 1-1: DOUBLE (Line Drive, 89D, EV 109.4 MPH) Philip Jansen to third
|
Batting: RHB Sean Zielinski
|
0-0: 3-RUN HOME RUN (Flyball, 89XD, EV 115.0 MPH), Distance : 444 ft
|
Pitching: RHP Adam Bucci
|
|
Batting: LHB Jack Henningar
|
0-0: SINGLE (Line Drive, 6MD, EV 98.8 MPH)
|
Batting: SHB Bill Dooms
|
0-0: Called Strike 0-1: Foul Ball, location: 2F 0-2: Foul Ball, location: 2F 0-2: Ball 1-2: Fielders Choice at 2nd, 4-6 (Groundball, 34, EV 98.1 MPH)
|
Batting: LHB Tom Best
|
0-0: Ball 1-0: Called Strike 1-1: Swinging Strike 1-2: Strikes out swinging
|
Batting: SHB Ryan Doss
|
0-0: Ground out 4-3 (Groundball, 4, EV 102.5 MPH)
|
Bottom of the 5th over - 3 runs, 4 hits, 0 errors, 1 left on base; Los Angeles 2 - San Francisco 5 |
TOP OF THE 6TH |
Los Angeles Dodgers batting - Pitching for San Francisco Giants : RHP Keith Kidd
|
Batting: LHB Chris Buchan
|
0-0: DOUBLE (Line Drive, 78XD, EV 107.5 MPH) - OUT at third base trying to stretch hit.
|
Batting: SHB Shane Marcum
|
0-0: Ball 1-0: SINGLE (Groundball, 4MS, EV 65.6 MPH) (infield hit)
|
Batting: RHB Tim Nettles
|
0-0: Foul Ball, location: 2F 0-1: Fly out, F7 (Flyball, 7D, EV 95.6 MPH)
|
Batting: RHB Tsutomu Irie
|
0-0: Ball 1-0: Ball 2-0: Called Strike 2-1: Swinging Strike 2-2: Fielders Choice at 2nd, 6-4 (Groundball, 6, EV 90.0 MPH)
|
Top of the 6th over - 0 runs, 2 hits, 0 errors, 1 left on base; Los Angeles 2 - San Francisco 5 |
BOTTOM OF THE 6TH |
San Francisco Giants batting - Pitching for Los Angeles Dodgers : RHP Adam Bucci
|
Batting: RHB Nate Hodson
|
0-0: Called Strike 0-1: Foul Ball, location: 2F 0-2: Ball 1-2: Strikes out swinging
|
Batting: RHB Bill Defazio
|
0-0: Swinging Strike 0-1: Called Strike 0-2: Foul Ball, location: 2F 0-2: Foul Ball, location: 2F 0-2: Ball 1-2: Ball 2-2: Ball 3-2: SINGLE (Groundball, 4M, EV 108.1 MPH)
|
Batting: RHB Philip Jansen
|
0-0: Called Strike 0-1: SINGLE (Line Drive, 9LS, EV 103.8 MPH) Bill Defazio to second
|
Batting: LHB Carey Horncole
|
0-0: Foul Ball, location: 2F 0-1: Foul Ball, location: 2F 0-2: Foul Ball, location: 2F 0-2: Strikes out swinging
|
Pitching: RHP Chris Geraci
|
|
Batting: RHB Sean Zielinski
|
0-0: Ball 1-0: Ball 2-0: Foul Ball, location: 2F 2-1: Foul Ball, location: 2F 2-2: Fly out, F5 (Popup, 5S, EV 74.4 MPH)
|
Bottom of the 6th over - 0 runs, 2 hits, 0 errors, 2 left on base; Los Angeles 2 - San Francisco 5 |
TOP OF THE 7TH |
Los Angeles Dodgers batting - Pitching for San Francisco Giants : RHP Keith Kidd
|
Batting: RHB John Piccolo
|
0-0: Ball 1-0: Foul Ball, location: 2F 1-1: DOUBLE (Flyball, 89XD, EV 103.1 MPH)
|
Batting: SHB Benjamin Brown
|
0-0: 2-RUN HOME RUN (Flyball, 9D, EV 99.4 MPH), Distance : 416 ft
|
Batting: RHB Clay Buchanan
|
0-0: Ball 1-0: Ball 2-0: Ball 3-0: Called Strike 3-1: Called Strike 3-2: SINGLE (Line Drive, 89S, EV 98.1 MPH)
|
Batting: SHB Joel Baker
|
0-0: Sac Bunt to 15S - play at first, batter OUT! 1-3 Clay Buchanan to second
|
Batting: LHB Lirak Bazhunaishvili
|
0-0: Ball 1-0: Called Strike 1-1: Fly out, F8 (Flyball, 8RXD, EV 108.8 MPH)
|
Batting: LHB Chris Buchan
|
0-0: Foul Ball, location: 2F 0-1: 2-RUN HOME RUN (Flyball, 89XD, EV 115.0 MPH), Distance : 441 ft
|
Pitching: RHP Josh Lister
|
|
Batting: SHB Shane Marcum
|
0-0: Swinging Strike 0-1: Swinging Strike 0-2: Ball 1-2: Foul Ball, location: 2F 1-2: Strikes out swinging
|
Top of the 7th over - 4 runs, 4 hits, 0 errors, 0 left on base; Los Angeles 6 - San Francisco 5 |
BOTTOM OF THE 7TH |
San Francisco Giants batting - Pitching for Los Angeles Dodgers : RHP Chris Geraci
|
Now in LF: Wing-kit Bu
|
|
Batting: LHB Jack Henningar
|
0-0: Ball 1-0: Called Strike 1-1: Called Strike 1-2: Foul Ball, location: 2F 1-2: Ball 2-2: Ball 3-2: Foul Ball, location: 2F 3-2: Base on Balls
|
Batting: SHB Bill Dooms
|
0-0: Ball 1-0: Swinging Strike 1-1: TRIPLE (Flyball, 89XD, EV 110.6 MPH) Jack Henningar scores
|
Batting: LHB Tom Best
|
0-0: Ball 1-0: Foul Ball, location: 2F 1-1: Called Strike 1-2: Strikes out swinging
|
Batting: SHB Ryan Doss
|
0-0: Intentional Walk
|
Batting: RHB Nate Hodson
|
0-0: Ball 1-0: Called Strike Ryan Doss steals 2nd base 1-1: SINGLE (Groundball, 6M, EV 98.8 MPH) Bill Dooms scores Ryan Doss to third Runner from 3rd tries for Home, SAFE, throw by CF to home
|
Batting: RHB Bill Defazio
|
0-0: Ball 1-0: Foul Ball, location: 2F 1-1: Ball 2-1: Swinging Strike 2-2: Ground out 4-3 (Groundball, 34, EV 95.0 MPH) Nate Hodson to second
|
Batting: RHB Philip Jansen
|
0-0: Called Strike 0-1: Ball 1-1: Swinging Strike 1-2: Foul Ball, location: 2F 1-2: Strikes out swinging
|
Bottom of the 7th over - 3 runs, 2 hits, 0 errors, 1 left on base; Los Angeles 6 - San Francisco 8 |
TOP OF THE 8TH |
Los Angeles Dodgers batting - Pitching for San Francisco Giants : RHP Josh Lister
|
Batting: RHB Tim Nettles
|
0-0: Ball 1-0: Called Strike 1-1: DOUBLE (Line Drive, 7LS, EV 96.2 MPH)
|
Batting: RHB Tsutomu Irie
|
0-0: Ball 1-0: Foul Ball, location: 2F 1-1: Fly out, F9 (Flyball, 9D, EV 98.8 MPH) Runner from 2nd tags up, SAFE at 3rd, no throw by RF
|
Batting: RHB John Piccolo
|
0-0: Ball 1-0: Called Strike 1-1: Swinging Strike 1-2: Strikes out swinging
|
Batting: SHB Benjamin Brown
|
0-0: 2-RUN HOME RUN (Flyball, 9D, EV 99.4 MPH), Distance : 385 ft
|
Batting: RHB Clay Buchanan
|
0-0: Ball 1-0: Called Strike 1-1: Ball 2-1: Ground out 6-3 (Groundball, 6, EV 87.5 MPH)
|
Top of the 8th over - 2 runs, 2 hits, 0 errors, 0 left on base; Los Angeles 8 - San Francisco 8 |
BOTTOM OF THE 8TH |
San Francisco Giants batting - Pitching for Los Angeles Dodgers : RHP Chris Geraci
|
Pitching: RHP Santiago Montero
|
|
Batting: LHB Carey Horncole
|
0-0: Ball 1-0: Called Strike 1-1: Called Strike 1-2: SINGLE (Line Drive, 8LS, EV 106.2 MPH)
|
Batting: RHB Sean Zielinski
|
0-0: Called Strike 0-1: Called Strike 0-2: Strikes out swinging
|
Batting: LHB Jack Henningar
|
0-0: Ball 1-0: Called Strike 1-1: Ball 2-1: Foul Ball, location: 2F 2-2: Ball 3-2: 2-RUN HOME RUN (Line Drive, 9LD, EV 98.8 MPH), Distance : 373 ft
|
Batting: SHB Bill Dooms
|
0-0: Ball 1-0: Foul Ball, location: 2F 1-1: Foul Ball, location: 2F 1-2: Ball 2-2: Ground out 4-3 (Groundball, 34, EV 85.6 MPH)
|
Batting: LHB Tom Best
|
0-0: Foul Ball, location: 2F 0-1: Foul Ball, location: 2F 0-2: Ball 1-2: Strikes out swinging
|
Bottom of the 8th over - 2 runs, 2 hits, 0 errors, 0 left on base; Los Angeles 8 - San Francisco 10 |
TOP OF THE 9TH |
Los Angeles Dodgers batting - Pitching for San Francisco Giants : RHP Josh Lister
|
Pitching: LHP Caleb Mullinax
|
|
Batting: RHB Wing-kit Bu
|
0-0: Reached on error, E4 (Groundball, 4, EV 87.5 MPH)
|
Batting: LHB Lirak Bazhunaishvili
|
0-0: Swinging Strike 0-1: Ball 1-1: Ball 2-1: Foul Ball, location: 2F 2-2: Strikes out swinging
|
Pinch Hitting: RHB Rodolfo Rivera
|
0-0: Ball 1-0: Ball Wild Pitch! Wing-kit Bu to second 2-0: Called Strike 2-1: Ball 3-1: Base on Balls
|
Batting: SHB Shane Marcum
|
0-0: Called Strike 0-1: Ball 1-1: Called Strike 1-2: 3-RUN HOME RUN (Flyball, 9LD, EV 97.5 MPH), Distance : 353 ft
|
Batting: RHB Tim Nettles
|
0-0: Ground out 5-3 (Groundball, 56S, EV 70.6 MPH)
|
Batting: RHB Tsutomu Irie
|
0-0: Called Strike 0-1: Ball 1-1: DOUBLE (Line Drive, 9LM, EV 111.9 MPH)
|
Batting: RHB John Piccolo
|
0-0: Fly out, F5 (Popup, 5SF, EV 74.4 MPH)
|
Top of the 9th over - 3 runs, 2 hits, 1 error, 1 left on base; Los Angeles 11 - San Francisco 10 |
BOTTOM OF THE 9TH |
San Francisco Giants batting - Pitching for Los Angeles Dodgers : RHP Santiago Montero
|
Pitching: RHP Geoff Mooney
|
|
Now at 1B: Danny Dyer
|
|
Batting: SHB Ryan Doss
|
0-0: Swinging Strike 0-1: Ground out U3 (Groundball, 3, EV 107.5 MPH)
|
Batting: RHB Nate Hodson
|
0-0: Called Strike 0-1: Ball 1-1: Ball 2-1: Called Strike 2-2: Ball 3-2: Strikes out looking
|
Batting: RHB Bill Defazio
|
0-0: Ball 1-0: Ball 2-0: Called Strike 2-1: Ball 3-1: Foul Ball, location: 2F 3-2: Foul Ball, location: 2F 3-2: Base on Balls
|
Batting: RHB Philip Jansen
|
0-0: Swinging Strike 0-1: Ball 1-1: Fly out, F8 (Flyball, 8LM, EV 87.5 MPH)
|
Bottom of the 9th over - 0 runs, 0 hits, 0 errors, 1 left on base; Los Angeles 11 - San Francisco 10 |
|